 Dungeon Crawl Stone Soup version 0.21-a0-91-ga5031da (webtiles) character file.

69 Ijustatesigmund the Skirmisher (level 4, 8/79 HPs)
             Began as an Ogre Fighter on June 30, 2017.
             Quit the game on level 2 of the Dungeon.
             The game lasted 00:02:48 (1357 turns).

Ijustatesigmund the Skirmisher (Ogre Fighter)       Turns: 1357, Time: 00:02:49

Health: 8/79       AC: 22    Str: 23 (25) XL:     4   Next: 20%
Magic:  4/4        EV:  1    Int:  7 (9)  God:
Gold:   59         SH:  8    Dex: 11 (14) Spells: 3/3 levels left

rFire    . . .     SeeInvis .   a - +0 trident
rCold    . . .     Gourm    .   c - +0 shield
rNeg     + + +     Faith    .   (armour currently unavailable)
rPois    +         Spirit   .   (helmet currently unavailable)
rElec    .         Reflect  .   (cloak currently unavailable)
rCorr    .         Harm     .   (gloves unavailable)
MR       .....     NoTele   +   (boots unavailable)
Stlth    ++........             (no amulet)
HPRegen  0.23/turn              (no ring)
MPRegen  0.09/turn              (no ring)

@: mighty, agile, tree-form, hasted, very quick
A: unfitting armour, blurry vision 1
a: no special abilities


You were on level 2 of the Dungeon.
You were hungry.
You were a tree.
You visited 1 branch of the dungeon, and saw 2 of its levels.

You collected 59 gold pieces.

Inventory:

Hand Weapons
 a - a +0 trident (weapon)
Missiles
 i - 8 tomahawks (quivered)
Armour
 b - a +0 robe (melded)
 c - a +0 shield (worn)
Scrolls
 e - 3 scrolls of identify {unknown}
 j - a scroll of amnesia {unknown}
 n - a scroll of recharging {unknown}
 o - a scroll of random uselessness {unknown}
 t - a scroll of magic mapping {unknown}
 u - a scroll of teleportation {unknown}
Potions
 d - a potion of might
 r - 2 potions of berserk rage {unknown}
Comestibles
 f - 2 bread rations
 s - a royal jelly


   Skills:
 + Level 6.5 Fighting
 - Level 2.0 Polearms
 - Level 2.6 Dodging
 - Level 2.6 Shields


You had 3 spell levels left.
You didn't know any spells.

Dungeon Overview and Level Annotations

Branches:
Dungeon (2/15)

Altars:
Nemelex Xobeh
Wu Jian


Innate Abilities, Weirdness & Mutations

You are too large for most types of armour.
((You have tough skin. (AC +1)))
Scrolls take you a little longer to read.
((Your flesh is very cold resistant. (rC++)))


Message History

You feel sick. The giant cockroach barely misses you.
The giant cockroach bites you but does no damage.
You puncture the giant cockroach!
You kill the giant cockroach!
You feel sick.
You feel sick.
You feel sick.
You feel sick.
You feel sick.
You feel sick.
It was a potion of lignification.
You turn into a tree.
Your +0 robe melds into your body.
Your roots penetrate the ground.
You start resting.
You feel sick. x8
You are no longer poisoned.
It was a potion of agility.
You feel agile all of a sudden.
It was a potion of haste.
You feel yourself speed up.
It was a potion of mutation.
You feel extremely strange.
Your vision blurs.
You feel resistant to cold.
You feel more resistant to cold.
Are you sure you want to abandon this character and quit the game? (Confirm with "yes".)

#... .............
#..# #.......#####
#..# #.###...# #
#..# ##.###...# ##
#..###...##...# #.
#......_......####.
##..##.†.###.......
#..###.## #..#####
#♣.# #.# #..#
#......# #..#
#........ ...#
######.......#
#########


There were no monsters in sight!

Vanquished Creatures
  2 adders (D:2)
  2 worms (D:2)
  A dart slug (D:2)
  A leopard gecko (D:1)
  A ball python (D:2)
  5 giant cockroaches (D:2)
  4 goblins
  6 hobgoblins
  2 jackals (D:2)
  A quokka (D:2)
  2 bats
  5 frilled lizards
  4 kobolds
  5 rats (D:1)
41 creatures vanquished.

Notes
Turn   | Place    | Note
-------+----------+-------------------------------------------
     0 | D:1      | Ijustatesigmund the Ogre Fighter began the quest for the Orb.
     0 | D:1      | Reached XP level 1. HP: 24/24 MP: 1/1
   408 | D:1      | Reached XP level 2. HP: 33/33 MP: 2/2
   613 | D:1      | Reached skill level 5 in Fighting
   893 | D:2      | Reached XP level 3. HP: 40/42 MP: 3/3
  1041 | D:2      | Found a sparkling altar of Nemelex Xobeh.
  1083 | D:2      | Reached skill level 6 in Fighting
  1261 | D:2      | Found an ornate altar of the Wu Jian Council.
  1283 | D:2      | Reached XP level 4. HP: 46/52 MP: 4/4
  1356 | D:2      | Gained mutation: Scrolls take you a little longer to read. [potion of mutation]
  1356 | D:2      | Gained mutation: Your flesh is cold resistant. (rC+) [potion of mutation]
  1356 | D:2      | Gained mutation: Your flesh is very cold resistant. (rC++) [potion of mutation]
  1357 | D:2      | Quit the game

Vault maps used:
D:1:      dpeg_arrival_pond
D:2:      nicolae_overflow_crystal_walls, nemelex_xobeh_ov_fountains_minmay

Skill      XL: |  1  2  3 |
---------------+----------+-----
Fighting       | 5 6 |  6.5
Polearms       | |  2.0
Dodging        | |  2.6
Shields        | |  2.6

Action                   |  1- 3 |  4- 6 || total
-------------------------+-------+-------++-------
Melee: Trident           |   125 |    28 ||   153
  Use: Potion            |       |     7 ||     7
  Eat: Chunk             |     1 |       ||     1
Armor: Robe              |    24 |    16 ||    40
Dodge: Dodged            |    33 |    26 ||    59
Block: Shield            |    40 |    24 ||    64
